 Dungeon Crawl Stone Soup version 0.30.0-30-g96aa6591b8 (webtiles) character file.

Game seed: 8310644026734497218

1593 hawla the Firebug (level 9, -29/96 HPs)
             Began as a Meteoran Fire Elementalist on June 26, 2023.
             Annihilated by a white ugly thing (31 damage)
             ... on level 6 of the Dungeon.
             The game lasted 00:13:37 (2579 turns).

hawla the Firebug (Meteoran Fire Elementalist)      Turns: 2579, Time: 00:13:38

Health: -29/96     AC: 24    Str:  9    XL:     9   Next: 37%
Magic:  2/19       EV:  2    Int: 22    God:
Gold:   128        SH:  0    Dex: 15    Spells: 4/20 levels left

rFire   . . .        o - +4 quarterstaff (chaos)
rCold   . . .        (shield currently unavailable)
rNeg    . . .        a - melded +1 robe
rPois   +            b - melded +0 helmet
rElec   .            p - melded +0 cloak
rCorr   +            f - melded +0 pair of gloves
SInv    .            (boots currently unavailable)
Will    +....        (no amulet)
Stlth   +            k - ring of wizardry
HPRegen 0.36/turn    l - ring of resist corrosion
MPRegen 0.16/turn

%: wizardry (x1)
@: tree-form, glowing
A: stationary, stasis, torment immunity, boosted hp, sense surroundings 2,
otherworldly, glowing, explore regen
a: no special abilities


You were on level 6 of the Dungeon.
You were a tree.
You visited 1 branch of the dungeon, and saw 6 of its levels.

You collected 828 gold pieces.
You spent 700 gold pieces at shops.

Inventory:

Hand Weapons
 i - a +0 mace
 o - a +4 quarterstaff of chaos (weapon)
Armour
 a - a +1 robe (melded)
 b - a +0 helmet (melded)
 f - a +0 pair of gloves (melded)
 p - a +0 cloak (melded)
Jewellery
 k - a ring of wizardry (left branch)
 l - a ring of resist corrosion (right branch)
 t - a ring of fire
Wands
 c - a wand of flame (13) (quivered)
 m - a wand of iceblast (8)
 s - a wand of paralysis (4)
Scrolls
 e - 3 scrolls of identify
 h - a scroll of poison
Potions
 d - a potion of flight
 g - a potion of might
 q - a potion of attraction


   Skills:
 + Level 1.1 Fighting
 + Level 6.4 Maces & Flails
 + Level 3.7 Dodging
 - Level 1.4 Stealth
 + Level 6.3 Spellcasting
 + Level 5.1 Conjurations
 + Level 7.1 Fire Magic
 + Level 3.3 Air Magic
 + Level 3.2 Evocations


You had 4 spell levels left.
You knew the following spells:

 Your Spells              Type           Power      Damage    Failure   Level
a - Foxfire               Conj/Fire      100%       2x1d9     1%          1
b - Scorch                Fire           76%        2d8       1%          2
c - Flame Wave            Conj/Fire      33%        2d10      2%          4
d - Airstrike             Air            10%        2d(2-18)  9%          4
e - Fireball              Conj/Fire      16%        3d8       9%          5

Your spell library contained the following spells:

 Spells                   Type           Power      Damage    Failure   Level
 Magic Dart               Conj           100%       1d8       1%          1
 Static Discharge         Conj/Air       50%        2-5/arc   1%          2
 Inner Flame              Hex/Fire       22%        N/A       2%          3
 Volatile Blastmotes      Fire/Tloc      44%        2d13      2%          3
 Apportation              Tloc           12%        N/A       3%          1
 Necrotise                Necr           24%        1d5       3%          1
 Summon Small Mammal      Summ           24%        N/A       3%          1
 Mephitic Cloud           Conj/Pois/Air  19%        N/A       3%          3
 Call Imp                 Summ           12%        N/A       5%          2
 Summon Lightning Spire   Summ/Air       14%        N/A       17%         4
 Starburst                Conj/Fire      16%        6d6       38%         6
 Plasma Beam              Fire/Air       15%        2x1d29    50%         6


Dungeon Overview and Level Annotations

Branches:
Dungeon (6/15) Zot: 1016
 Temple: D:4-7

Altars:
Cheibriados
Elyvilon
Qazlal
Trog

Shops:
D:4 :

Annotations:
D:6 1 transporter, LustLizard's ghost, novice OpBe


Innate Abilities, Weirdness & Mutations

You are a tree.
Your roots penetrate the ground, keeping you stationary.
You cannot be teleported.
You are immune to unholy pain and torment.
Your maximum health is greatly increased.
Your equipment is partially melded.
You passively map the area around you.
You are easily found by Zot.
You glow in the dark.
You regain HP and MP as you explore.


Message History

Your +4 quarterstaff of chaos is briefly surrounded by a scintillating aura of random colours.
o - a +4 quarterstaff of chaos (weapon)
The white ugly thing pecks you. The white ugly thing freezes you!
* * * LOW HITPOINT WARNING * * *
You hit the white ugly thing but do no damage.
The white ugly thing is moderately wounded.
The white ugly thing barely misses you.
You feel better. The white ugly thing barely misses you.
Really quaff the potion of lignification?
You turn into a tree.
Your +0 cloak melds into your body.
Your +0 helmet melds into your body.
Your +0 pair of gloves melds into your body.
Your +1 robe melds into your body.
Your roots penetrate the ground.
The white ugly thing pecks you but does no damage.
You barely miss the white ugly thing.
The white ugly thing is moderately wounded.
The white ugly thing pecks you.
* * * LOW HITPOINT WARNING * * *
The white ugly thing freezes you!
* * * LOW HITPOINT WARNING * * *
You hit the white ugly thing.
The white ugly thing is poisoned.
The white ugly thing is moderately wounded.
The white ugly thing pecks you but does no damage.
You barely miss the white ugly thing.
The white ugly thing is moderately wounded.
The white ugly thing pecks you but does no damage.
Casting: Flame Wave (dangerous; 2% risk of failure)
Confirm with . or Enter, or press ? or * to list all spells.
Flames lash the white ugly thing.
The white ugly thing is heavily wounded.
The white ugly thing's fire resistance burns away.
You hear a chilling moan.
The white ugly thing pecks you but does no damage.
You hit the white ugly thing.
Space warps horribly around the white ugly thing!
The white ugly thing is severely wounded.
The white ugly thing pecks you!
* * * LOW HITPOINT WARNING * * *
The white ugly thing freezes you!!
You die...

#.# #........##.##.###^^.##..#
#.# #.###.....#......*##W.#..#
#.# #.# #...###..####....##...
#.# #.# #..## ..###.##..*#....
#.# #.###..#.#.##....#. ##....
#.# #.##...##.##...### .##... #.#
#.#<...##.##..###^##..#..# #.#
#.#.#...#u##..#©W....##... #.#
#.#.#...#♣##..##..####.... #.#
#.#.....###....####....... #.#
#.#.#....©......##........ #.#
#.#.......................
##.#####.#......................#
.......#.#.###.#####..###########
######.#.#.# #.......##
#......#.#.# #.#######
#.######.#.###.#


You could see a white ugly thing (very poisoned, combustible).

Vanquished Creatures
  Pikel (D:5)
  2 small abominations (D:6)
  A black bear (D:5)
  A centaur (D:6)
  A lemure (D:5)
  A phantom (D:5)
  A bullfrog (D:6)
  A gnoll sergeant (D:6)
  5 wights (D:6)
  2 hounds (D:6)
  An orc priest (D:5)
  A jelly (D:5)
  Crazy Yiuf (D:5)
  6 iguanas
  6 gnolls
  2 adders
  A shadow imp (D:6)
  A white imp (D:5)
  2 worms
  7 orcs
  A goblin (D:4)
  4 jackals (D:2)
  2 kobolds
  4 quokkas (D:4)
  A ball python (D:4)
  2 frilled lizards
  A rat (D:4)
59 creatures vanquished.

Vanquished Creatures (others)
  5 gnolls (D:5)
  114 foxfires
119 creatures vanquished.

Grand Total: 178 creatures vanquished

Notes
Turn   | Place    | Note
-------+----------+-------------------------------------------
     0 | D:1      | hawla the Meteoran Fire Elementalist began the quest for
                  | the Orb.
     0 | D:1      | Reached XP level 1. HP: 14/14 MP: 5/5
    99 | D:2      | Reached XP level 2. HP: 20/20 MP: 0/6
   104 | D:2      | Reached skill level 4 in Fire Magic
   111 | D:2      | Learned a level 2 spell: Scorch
   204 | D:4      | Found a bloodstained altar of Trog.
   231 | D:4      | Reached XP level 3. HP: 26/26 MP: 0/8
   332 | D:4      | Found a white marble altar of Elyvilon.
   376 | D:4      | Reached XP level 4. HP: 33/33 MP: 4/9
   382 | D:4      | Found Jaqikh's Book Boutique.
   681 | D:4      | Learned a level 4 spell: Flame Wave
   711 | D:5      | Entered Level 5 of the Dungeon
   735 | D:5      | Reached XP level 5. HP: 13/38 MP: 2/10
   753 | D:5      | Noticed a phantom
   764 | D:5      | Noticed a lemure
   767 | D:5      | Noticed a lemure
   770 | D:5      | Noticed Pikel
   773 | D:5      | Killed a phantom
   774 | D:5      | Reached XP level 6. HP: 43/45 MP: 0/11
   805 | D:5      | Reached skill level 1 in Maces & Flails
   805 | D:5      | Reached skill level 1 in Evocations
   811 | D:5      | Killed Pikel
   812 | D:5      | Reached XP level 7. HP: 11/50 MP: 0/12
   812 | D:5      | Reached XP level 8. HP: 13/57 MP: 0/13
  1074 | D:5      | Reached skill level 5 in Fire Magic
  1254 | D:5      | Found a runed translucent door.
  1310 | D:5      | Noticed Crazy Yiuf
  1360 | D:5      | Killed Crazy Yiuf
  1361 | D:5      | Reached skill level 5 in Conjurations
  1437 | D:6      | Noticed a white ugly thing
  1447 | D:6      | Reached skill level 1 in Fighting
  1497 | D:6      | Found a transporter.
  1502 | D:6      | Found a transporter.
  1514 | D:6      | Noticed LustLizard's ghost (novice OpBe)
  1626 | D:6      | Reached skill level 6 in Fire Magic
  1713 | D:6      | Found a snail-covered altar of Cheibriados.
  1971 | D:6      | Found a stormy altar of Qazlal.
  1999 | D:6      | Reached skill level 5 in Spellcasting
  2069 | D:6      | Gained mutation: You passively map the area around you.
                  | [Meteoran growth]
  2069 | D:6      | Reached XP level 9. HP: 64/64 MP: 13/18
  2069 | D:6      | Identified a scroll of acquirement
  2074 | D:6      | Acquired 671 gold pieces
  2165 | D:4      | Bought a book of Storms for 260 gold pieces
  2165 | D:4      | Bought a book of Fire for 440 gold pieces
  2296 | D:6      | Learned a level 4 spell: Airstrike
  2299 | D:6      | Reached skill level 1 in Air Magic
  2558 | D:6      | Reached skill level 7 in Fire Magic
  2564 | D:6      | Learned a level 5 spell: Fireball
  2579 | D:6      | HP: 2/96 [white ugly thing (11)]
  2579 | D:6      | Annihilated by a white ugly thing

Illustrated notes

Levels and vault maps discovered:
D:1:      psy_arrival_conway, layout_basic, minmay_unequal
D:2:      layout_basic
D:3:      layout_basic
D:4:      layout_cave_pools, trog_butcher_becter, elyvilon_altar_4,
          serial_shops, nicolae_shop_just_a_little_nook
D:5:      layout_loops_cross, chequers_temple_overflow_minitemple,
          lemuel_temple_firewalk_b, uniq_pikel, uniq_crazy_yiuf_cottage
D:6:      layout_basic, general_overflow_altar, chei_slow_surprise,
          gammafunk_ghost_abyssal_escape

Skill      XL: |  1  2  3  4  5  6  7  8  9 |
---------------+----------------------------+-----
Fire Magic     | 4 6 7 |  7.1
Spellcasting   | 3 5 6 |  6.3
Conjurations   | 3 4 5 |  5.1
Dodging        | 3 |  3.7
Maces & Flails | 6 |  6.4
Evocations     | 3 |  3.2
Fighting       | 1 |  1.1
Air Magic      | 3 |  3.3
Stealth        | |  1.4

Action                     |  1- 3 |  4- 6 |  7- 9 || total
---------------------------+-------+-------+-------++-------
  Melee: Unarmed           |     1 |       |       ||     1
         Mace              |       |     4 |    12 ||    16
         Quarterstaff      |       |       |     5 ||     5
   Cast: Foxfire           |    22 |    18 |    28 ||    68
         Scorch            |     2 |     9 |    32 ||    43
         Flame Wave        |       |     4 |     7 ||    11
         Airstrike         |       |       |     3 ||     3
  Evoke: Wand              |       |       |     4 ||     4
    Use: Scroll            |     2 |     1 |     8 ||    11
         Potion            |       |     1 |     2 ||     3
 Armour: Robe              |     4 |     4 |    11 ||    19
         Skin              |       |       |     4 ||     4
  Dodge: Dodged            |       |    16 |    24 ||    40
